 Dungeon Crawl Stone Soup version 0.27-a0-1090-gb115f176c6 (webtiles) character file.

Game seed: 16269077375190784497

31 tardwrangler69 the Digger (level 3, -2/21 HPs)
             Began as an Octopode Earth Elementalist on Apr 28, 2021.
             Succumbed to an adder's poison
             ... on level 2 of the Dungeon.
             The game lasted 00:02:00 (1615 turns).

tardwrangler69 the Digger (OpEE)                    Turns: 1615, Time: 00:02:01

Health: -2/21      AC:  1    Str:  7    XL:     3   Next: 22%
Magic:  4/6        EV: 12    Int: 18    God:
Gold:   39         SH:  3    Dex: 12    Spells: 5/6 levels left

rFire    . . .     SeeInvis .   j - +0 short sword
rCold    . . .     Faith    .   i - +0 buckler
rNeg     . . .     Spirit   .   (helmet restricted)
rPois    .         Reflect  .   (no amulet)
rElec    .         Harm     .   (no ring)
rCorr    .         Rampage  .   (no ring)
Will     .....                  (no ring)
Stlth    +++.......             (no ring)
HPRegen  0.07/turn              (no ring)
MPRegen  0.10/turn              (no ring)
                                (no ring)
                                (no ring)

@: lethally poisoned (-2 -> -13)
A: almost no armour, amphibious, 8 rings, camouflage 1, gelatinous body 1,
(nimble swimmer 1), tentacles
a: no special abilities


You were on level 2 of the Dungeon.
You visited 1 branch of the dungeon, and saw 2 of its levels.

You collected 39 gold pieces.

Inventory:

Hand Weapons
 j - a +0 short sword (weapon)
Armour
 i - a +0 buckler (worn)
Scrolls
 c - a scroll of amnesia {unknown}
 e - 2 scrolls of identify {unknown}
 f - a scroll of noise {unknown}
 g - a scroll of summoning {unknown}
Potions
 a - a potion of resistance {unknown}
 d - a potion of attraction {unknown}
 h - a potion of might {unknown}
 k - a potion of heal wounds {unknown}


   Skills:
 - Level 2.0 Dodging
 - Level 2.6 Stealth
 + Level 2.4 Spellcasting
 - Level 1.0 Transmutations
 * Level 3.9 Earth Magic


You had 5 spell levels left.
You knew the following spells:

 Your Spells              Type           Power      Damage    Failure   Level
a - Sandblast             Erth           32%        2d9       6%          1

Your spell library contained the following spells:

 Spells                   Type           Power      Damage    Failure   Level
 Passwall                 Tmut/Erth      9%         N/A       16%         2
 Stone Arrow              Conj/Erth      18%        3d8       36%         3
 Petrify                  Tmut/Erth      11%        N/A       71%         4
 Lee's Rapid Deconstruct  Erth           8%         3d8*      85%         5


Dungeon Overview and Level Annotations

Branches:
Dungeon (2/15)

Altars:


Innate Abilities, Weirdness & Mutations

You cannot wear most types of armour.
You are amphibious.
You can wear up to eight rings at the same time.
Your skin changes colour to match your surroundings (Stealth+).
Your rubbery body absorbs attacks. (AC +1, EV +1)
((You are camouflaged near water. (Stealth+)))
You have tentacles for arms and can constrict up to eight enemies at once.


Message History

Aiming: Sandblast (safe; 6% risk of failure)
Press: ? - help, Shift-Dir - straight line, f - adder
Aim: an adder (66% to hit)
The blast of sand hits the adder.
The adder is lightly wounded.
You now have no stones remaining.
The adder bites you.
Casting: Sandblast (safe; 6% risk of failure)
Confirm with . or Enter, or press ? or * to list all spells.
You don't have any stones to cast with.
Casting: Sandblast (safe; 6% risk of failure)
Confirm with . or Enter, or press ? or * to list all spells.
You don't have any stones to cast with.
Unknown command.
Unknown command.
You miss the adder. Your grab misses the adder.
The adder is lightly wounded.
The adder bites you. The adder barely misses you.
You barely miss the adder. Your grab misses the adder.
The adder is lightly wounded.
The adder bites you.
You are poisoned.
The adder poisons you!
You closely miss the adder. Your grab misses the adder.
Your squeeze misses the adder.
The adder is lightly wounded.
You feel sick. The adder bites you.
* * * LOW HITPOINT WARNING * * *
You block the adder's attack.
A goblin comes into view. It is wielding a +0 club.
You closely miss the adder. Your grab misses the adder.
Your squeeze misses the adder.
The adder is lightly wounded.
* * * LOW HITPOINT WARNING * * *
You feel sick. The adder bites you.
* * * LOW HITPOINT WARNING * * *
You are more poisoned.
The adder poisons you! You block the adder's attack.
You hit the adder. Your grab misses the adder.
The adder is heavily wounded.
You die...

#..........##..# ##..
#..........##..###....
#...........#...#....
#...........#.#...#
#................#
#....<.....##....######
#############..........
#.#.#...### #@..###.#
##S#.# .. #.h#.# ##
##..#.# ########...#.#
#........#.#..
.......g##.#..
.........#.#..
.........#..


You could see an adder, a jackal and a goblin.

Vanquished Creatures
  3 ball pythons (D:1)
  2 endoplasms (D:1)
  A goblin (D:1)
  5 hobgoblins (D:1)
  7 jackals
  3 quokkas (D:1)
  A bat (D:1)
  2 kobolds (D:1)
  2 rats (D:1)
26 creatures vanquished.

Notes
Turn   | Place    | Note
-------+----------+-------------------------------------------
     0 | D:1      | tardwrangler69 the Octopode Earth Elementalist began the
                  | quest for the Orb.
     0 | D:1      | Reached XP level 1. HP: 11/11 MP: 3/3
   521 | D:1      | Reached XP level 2. HP: 16/17 MP: 5/5
   988 | D:1      | Reached XP level 3. HP: 4/21 MP: 0/6
  1614 | D:2      | HP: 1/21 [adder (2)]
  1615 | D:2      | Succumbed to an adder's poison

Illustrated notes

Levels and vault maps discovered:
D:1:      minmay_arrival_checkered_box, layout_rooms
D:2:      minmay_inner_zag, layout_rooms, uniq_sigmund

Action                   || total
-------------------------++-------
Melee: Unarmed           ||    26
       Constrict         ||     7
       Tentacles         ||     4
       Short sword       ||     6
 Cast: Sandblast         ||    35
 Stab: Sleeping          ||     4
Armor: Skin              ||     5
Dodge: Dodged            ||    49
Block: Buckler           ||     3

Table legend: (Time is in decaauts)
 A = Elapsed time spent in this place.
 B = Non-inter-level travel time spent in this place.
 C = Inter-level travel time spent in this place.
 D = Time resting spent in this place.
 E = Time spent auto-exploring this place.
 F = Levels seen in this place.
 G = Mean time per level.
                   A        B        C        D        E       F      G
               +--------+--------+--------+--------+--------+-----+--------+
         Total |   1616 |   1499 |    117 |      0 |   1293 |   2 |  808.0 |
       Dungeon |   1616 |   1499 |    117 |      0 |   1293 |   2 |  808.0 |
               +--------+--------+--------+--------+--------+-----+--------+

Top non-repeatable levels by time:
     D:1: 1578 daAuts
     D:2: 38 daAuts
